 Dungeon Crawl Stone Soup version 0.19.0-19-g8c6edcc (webtiles) character file.

19876 lorenzova the Unseen (level 12, -22/63 (65) HPs)
             Began as a Spriggan Monk on Nov 12, 2016.
             Was an Initiate of Gozag.
             Killed from afar by a storm dragon (32 damage)
             ... with a bolt of lightning
             ... on level 12 of the Dungeon.
             The game lasted 00:47:05 (14087 turns).

lorenzova the Unseen (Spriggan Monk)               Turns: 14087, Time: 00:47:07

HP:   -22/63 (65)   AC:  5    Str:  7    XL:     12   Next: 40%
MP:   13/13         EV: 35    Int: 19    God:    Gozag
Gold: 813           SH:  7    Dex: 27    Spells: 0 memorised, 11 levels left

rFire  + . .     SeeInvis +     N - +3 dagger (elec)
rCold  . . .     Gourm    .     Q - +1 robe of Rationality {rPois Int+7 Dex+4}
rNeg   . . .     Faith    .     p - +0 buckler
rPois  +         Spirit   .     (helmet restricted)
rElec  .         Reflect  .     w - +1 cloak
rCorr  .         Harm     .     (gloves unavailable)
MR     ++...                    (boots unavailable)
Stlth  +++++++...               g - amulet of regeneration
                                (no ring)
                                d - ring of protection from fire

@: very quick
A: unfitting armour, see invisible, herbivore 3, speed 3, slow metabolism 2
a: Potion Petition, Call Merchant, Bribe Branch, Renounce Religion


You were on level 12 of the Dungeon.
You worshipped Gozag.
Gozag was pleased with you.
You were not hungry.

You visited 2 branches of the dungeon, and saw 14 of its levels.
You also visited: Ossuary.

You collected 3003 gold pieces.
You spent 871 gold pieces at shops.
You paid 1319 gold pieces to Gozag.

Inventory:

Hand Weapons
 N - a +3 dagger of electrocution (weapon)
Armour
 p - a +0 buckler (worn)
 t - a +2 robe of cold resistance
 w - a +1 cloak (worn)
 I - a +2 robe of fire resistance
 Q - the +1 robe of Rationality (worn) {rPois Int+7 Dex+4}
   (You bought it in a shop on level 1 of the Lair of Beasts)

   It affects your intelligence (+7).
   It affects your dexterity (+4).
   It protects you from poison.
Jewellery
 d - a ring of protection from fire (left hand)
 g - an amulet of regeneration (around neck)
Wands
 e - a wand of polymorph (17/24)
Scrolls
 a - a scroll of recharging
 b - a scroll of blinking
 f - 2 scrolls of fog
 h - 2 scrolls of enchant armour
 i - 8 scrolls of remove curse
 l - 3 scrolls of magic mapping
 o - 5 scrolls of teleportation
 s - a scroll of fear
 y - a scroll of amnesia
 B - a scroll of identify
Potions
 k - 3 potions of heal wounds
 m - 5 potions of curing
 n - a potion of cancellation
 u - 2 potions of haste
 x - a potion of flight
 D - a potion of resistance
 L - 4 potions of brilliance
 M - a potion of ambrosia
Comestibles
 c - 4 bread rations
 j - 7 royal jellies


   Skills:
 * Level 8.8 Fighting
 - Level 10.4 Short Blades
 + Level 15.5 Dodging
 + Level 16.6 Stealth


You had 11 spell levels left.
You didn't know any spells.

Dungeon Overview and Level Annotations

Branches:
Dungeon (12/15)            Temple (0/1) D:4            Lair (2/6) D:9
    Orc (0/2) D:9
  Swamp: Lair:2-4    Shoals: Lair:2-4     Snake: Lair:2-4    Spider: Lair:2-4

Altars:
Dithmenos
Fedhas
Gozag
Kikubaaqudgha
Makhleb
Qazlal
Sif Muna
Uskayaw
Xom
Zin

Shops:
D:6 [(   D:7 *   Lair:1 [%

Annotations:
D:4 Chiseanne's ghost, amateur DsHu; Dowan; Duvessa
D:6 Menkaure; lorenzova's ghost, novice SpMo
D:10 TheWoodenMan's ghost, journeyman VSFi


Innate Abilities, Weirdness & Mutations

You are very small and have problems with some larger weapons.
You are too small for most types of armour.
You have supernaturally acute eyesight. (SInv)
You are a herbivore.
You cover ground extremely quickly.
You need consume almost no food.


Message History

A battlesphere comes into view.
There is an open door here.
You hit the storm dragon but do no damage.
The storm dragon completely misses you. You block the storm dragon's attack.
The storm dragon completely misses you.
You hit the storm dragon but do no damage.
You barely miss the storm dragon. You block the storm dragon's attack.
The storm dragon claws you but does no damage.
The storm dragon completely misses you.
You hit the storm dragon but do no damage.
The storm dragon breathes lightning at you.
The bolt of lightning hits you!
The storm dragon breathes lightning at you.
The bolt of lightning hits you!
Ouch! That really hurt!
* * * LOW HITPOINT WARNING * * *
The bolt of lightning hits you!
Ouch! That really hurt!
You die...
Your body crumbles into a pile of gold.

...## ##. ....# #.. # ....#
#.. #. .# #.# ....# #..##.
.##.#.# ....# #..#...
...#...# ....# #..##..#
#..##..# ...#
#...#...###...#...# ..#
#.#@##.......##.#.# ###
#.#..##.$Q*.##....## .#
#.##..###.###....... .#
#...#..D#'#.....###. .####
#...###.Q...##### #. ....#
###..#........# #. ..#.##
##....#........#.......
.....# ##..##.#..........#
###.
.##..#####..###.#........###
#.


You could see a storm dragon and a tengu conjurer.

Vanquished Creatures
  Harold (Lair:1)
  Erica (Lair:1)
  A centaur warrior (D:12)
  An unseen horror (D:12)
  4 hill giants
  Psyche (D:12)
  A gargoyle (D:10)
  3 spiny frogs (Lair:1)
  2 komodo dragons (Lair:1)
  A freezing wraith (D:12)
  A queen bee (D:11)
  2 trolls (D:9)
  3 hippogriffs
  Grinder (D:3)
  3 blink frogs (Lair:1)
  A shadow (D:11)
  Sigmund (D:4)
  3 basilisks
  22 yaks
  Eustachio (D:4)
  A steam dragon (D:12)
  A hungry ghost (D:9)
  Edmund (D:6)
  3 water moccasins
  4 porcupines
  5 ice beasts
  7 orc warriors
  5 ogres
  A necrophage (D:10)
  A phantom (D:12)
  A black bear (D:10)
  4 centaurs
  A boggart (D:12)
  4 crocodiles
  2 big kobolds (D:9)
  3 gnoll sergeants (D:9)
  9 bullfrogs
  2 scorpions
  19 killer bees
  3 wights (D:8)
  4 howler monkeys
  4 bullfrog zombies
  A crimson imp (D:10)
  A quasit (D:11)
  3 jellies
  3 orc priests
  2 hounds
  A bullfrog skeleton (D:11)
  2 centaur skeletons
  2 iguanas
  Natasha (thrice) (D:2)
  9 orc wizards
  3 worker ants
  A killer bee zombie (D:10)
  A hound skeleton (D:11)
  8 mummies (Ossuary)
  2 worker ant zombies
  14 adders
  3 gnolls (D:8)
  5 river rats (D:9)
  3 shadow imps
  An ooze (D:4)
  An adder zombie (D:9)
  An adder skeleton (D:9)
  2 worms
  A dart slug (D:4)
  4 leopard geckos
  34 orcs
  2 giant cockroaches
  A gnoll zombie (Ossuary)
  5 goblins (D:1)
  5 hobgoblins (D:1)
  5 jackals
  8 kobolds
  5 quokkas
  3 bats
  5 frilled lizards
  2 hobgoblin zombies (Ossuary)
  3 kobold zombies (Ossuary)
  A leopard gecko zombie (D:6)
  2 orc zombies (Ossuary)
  7 rats
304 creatures vanquished.

Vanquished Creatures (others)
  Erolcha (D:12)
  2 bushes (D:9)
  3 fungi (D:9)
  7 plants (D:9)
13 creatures vanquished.

Grand Total: 317 creatures vanquished

Notes
Turn   | Place    | Note
-------+----------+-------------------------------------------
     0 | D:1      | lorenzova the Spriggan Monk began the quest for the Orb.
     0 | D:1      | Reached XP level 1. HP: 11/11 MP: 2/2
    84 | D:1      | Reached XP level 2. HP: 11/16 MP: 3/3
   534 | D:2      | Found a faded altar of an unknown god.
   543 | D:2      | Reached skill level 5 in Dodging
   543 | D:2      | Reached skill level 4 in Stealth
   565 | D:2      | Reached XP level 3. HP: 19/19 MP: 4/4
  1296 | D:2      | Noticed Natasha
  1307 | D:2      | Killed Natasha
  1307 | D:2      | Reached skill level 5 in Stealth
  1307 | D:2      | Reached XP level 4. HP: 19/23 MP: 5/5
  1381 | D:2      | Noticed Natasha
  1401 | D:2      | Killed Natasha
  1470 | D:2      | Found a faded altar of an unknown god.
  1470 | D:2      | Found a faded altar of an unknown god.
  1476 | D:2      | Found a burning altar of Makhleb.
  1478 | D:2      | Found a faded altar of an unknown god.
  1479 | D:2      | Found a faded altar of an unknown god.
  1552 | D:2      | Noticed Natasha
  1569 | D:2      | Killed Natasha
  2192 | D:3      | Reached XP level 5. HP: 27/27 MP: 6/6
  2304 | D:3      | Found an opulent altar of Gozag.
  2305 | D:3      | Noticed Grinder
  2309 | D:3      | Killed Grinder
  2309 | D:3      | Reached skill level 5 in Short Blades
  2309 | D:3      | Reached skill level 6 in Stealth
  2309 | D:3      | Reached XP level 6. HP: 32/32 MP: 7/7
  2412 | D:3      | Became a worshipper of Gozag Ym Sagoz the Greedy
  2509 | D:3      | Found a deep blue altar of Sif Muna.
  2612 | D:3      | Found a glowing silver altar of Zin.
  2612 | D:3      | Noticed an angel
  2613 | D:3      | Found a shimmering altar of Xom.
  2708 | D:4      | Noticed Eustachio
  2711 | D:4      | Killed Eustachio
  2711 | D:4      | Reached skill level 7 in Stealth
  2739 | D:4      | Noticed Chiseanne's ghost (amateur DsHu)
  2745 | D:4      | You fall through a shaft for 2 floors!
  2935 | D:6      | Noticed an ice beast
  2937 | D:6      | Reached XP level 7. HP: 35/35 MP: 8/8
  2960 | D:6      | Reached skill level 8 in Stealth
  3133 | D:6      | Noticed lorenzova's ghost (novice SpMo)
  3133 | D:6      | Found Jiboeb's Antique Weapon Emporium.
  3153 | D:5      | Entered Level 5 of the Dungeon
  3685 | D:4      | Found a staircase to the Ecumenical Temple.
  3780 | D:4      | Noticed Sigmund
  3790 | D:4      | Killed Sigmund
  3790 | D:4      | Reached skill level 9 in Stealth
  3790 | D:4      | Reached XP level 8. HP: 39/39 MP: 9/9
  4172 | D:4      | Noticed Duvessa
  4172 | D:4      | Noticed Dowan
  4373 | D:6      | Noticed Edmund
  4377 | D:6      | Killed Edmund
  4429 | D:6      | Found Luylacs's Antique Armour Boutique.
  4613 | D:7      | Found a sand-covered staircase.
  4622 | Ossuary  | Entered an ossuary
  4828 | Ossuary  | Gained mutation: You are frail. (-10% HP) [potion of mutation]
  4828 | Ossuary  | Gained mutation: Your magical capacity is low. (-10% MP) [potion of mutation]
  4828 | Ossuary  | Gained mutation: You expend magic power (3 MP) to strengthen your wands. [potion of mutation]
  4859 | Ossuary  | Reached skill level 10 in Stealth
  5012 | Ossuary  | Lost mutation: You are frail. (-10% HP) [potion of cure mutation]
  5012 | Ossuary  | Lost mutation: Your magical capacity is low. (-10% MP) [potion of cure mutation]
  5012 | Ossuary  | Lost mutation: You expend magic power (3 MP) to strengthen your wands. [potion of cure mutation]
  5113 | D:7      | Found Jamumell's Assorted Antiques.
  5180 | D:6      | Noticed Menkaure
  5252 | D:7      | Noticed a hippogriff
  5286 | D:7      | Killed a hippogriff
  5286 | D:7      | Reached skill level 10 in Dodging
  5448 | D:7      | Found an ancient bone altar of Kikubaaqudgha.
  5685 | D:7      | Reached XP level 9. HP: 40/43 MP: 10/10
  6094 | D:8      | Reached skill level 11 in Stealth
  6261 | D:8      | Found a shadowy altar of Dithmenos.
  6290 | D:8      | Found a blossoming altar of Fedhas.
  6297 | D:8      | Found a stormy altar of Qazlal.
  7704 | D:9      | Noticed a troll
  7838 | D:9      | Found a staircase to the Orcish Mines.
  7838 | D:9      | Noticed a troll
  7946 | D:9      | Reached skill level 12 in Stealth
  8237 | D:10     | Entered Level 10 of the Dungeon
  8276 | D:10     | Noticed TheWoodenMan's ghost (journeyman VSFi)
  8429 | D:10     | Noticed a gargoyle
  8652 | D:10     | Noticed a hill giant
  8659 | D:10     | Killed a hill giant
  8663 | D:10     | Reached XP level 10. HP: 39/46 MP: 11/11
  8977 | D:11     | Reached skill level 13 in Stealth
  9057 | D:11     | Noticed a hill giant
  9061 | D:11     | Killed a hill giant
  9061 | D:11     | Reached skill level 10 in Short Blades
  9352 | D:10     | Noticed a hill giant
  9452 | D:12     | Noticed Psyche
  9484 | D:12     | Killed Psyche
  9696 | D:12     | Noticed Erolcha
  9730 | D:12     | Noticed a centaur warrior
  9730 | D:12     | Noticed a deep elf mage
  9744 | D:12     | Noticed a yaktaur captain
 10100 | D:10     | Killed a hill giant
 10486 | D:10     | Reached skill level 14 in Stealth
 10855 | D:9      | Found a staircase to the Lair.
 10909 | D:9      | HP: 1/49 [crocodile (16)]
 11101 | D:9      | Reached XP level 11. HP: 40/52 MP: 12/12
 11313 | D:9      | Reached skill level 5 in Fighting
 11464 | Lair:1   | Entered Level 1 of the Lair of Beasts
 11570 | Lair:1   | Noticed Erica
 11580 | Lair:1   | Killed Erica
 11584 | Lair:1   | Reached skill level 15 in Stealth
 11617 | Lair:1   | Found a hide-covered altar of Uskayaw.
 11638 | Lair:1   | Noticed Harold
 11639 | Lair:1   | Killed Harold
 12629 | Lair:2   | Noticed a five-headed hydra
 12797 | Lair:1   | Bought the +1 robe "Olabehug" {Str+2 Int+3} for 232 gold pieces
 12797 | Lair:1   | Bought the +1 robe of Unambiguity {rF+ Dex+2} for 239 gold pieces
 12797 | Lair:1   | Bought the +1 robe of Rationality {rPois Int+7 Dex+4} for 400 gold pieces
 12885 | D:9      | Reached skill level 16 in Stealth
 12954 | D:10     | Reached XP level 12. HP: 62/62 MP: 13/13
 13078 | D:11     | Reached skill level 15 in Dodging
 13813 | D:12     | Killed Erolcha
 13864 | D:12     | Killed a centaur warrior
 14074 | D:12     | Noticed a storm dragon
 14087 | D:12     | Killed from afar by a storm dragon

Skill      XL: |  1  2  3  4  5  6  7  8  9 10 11 12 |
---------------+-------------------------------------+-----
Dodging        | 5 6 7 9 10 12 13 14 15 | 15.5
Stealth        | 4 5 6 7 9 10 12 14 16 | 16.6
Short Blades   | 4 5 6 8 9 10 | 10.4
Fighting       | 4 7 8 |  8.8

Action                   |  1- 3 |  4- 6 |  7- 9 | 10-12 || total
-------------------------+-------+-------+-------+-------++-------
Melee: Short sword       |    93 |       |       |       ||    93
       Dagger            |    22 |    65 |  1023 |  1319 ||  2429
Invok: Call Merchant     |       |       |       |     2 ||     2
  Use: Potion            |       |       |     9 |       ||     9
       Scroll            |       |       |     8 |    17 ||    25
 Stab: Sleeping          |     6 |    12 |    35 |    32 ||    85
       Distracted        |       |       |     7 |    21 ||    28
  Eat: Bread ration      |       |       |     1 |     1 ||     2
       Pizza             |       |       |     1 |     1 ||     2
       Fruit             |       |       |       |     4 ||     4
Armor: Robe              |     5 |     1 |    35 |    51 ||    92
Dodge: Dodged            |   114 |    45 |   624 |   871 ||  1654
Block: Buckler           |       |       |       |    66 ||    66
